[Event "Titled Tuesday Blitz May 4 2021"]
[White "Janaszak, Dawid"]
[Black "Korchmar, Vasiliy"]
[WhiteFideId "1119206"]
[BlackFideId "24131750"]
[WhiteElo "2332"]
[BlackElo "2370"]
[Result "0-1"]
[Round "07"]
[TimeControl "180+1"]
[Date "2021.05.04"]
[WhiteClock "0:00:07"]
[BlackClock "0:00:06"]

1. e4 c5 2. Nc3 d6 3. f4 Nc6 4. Nf3 Nf6 5. Bc4 Bg4 6. h3 Bxf3 7. Qxf3 Nd4 8. Qd1 e6 9. d3 Be7 10. O-O O-O 11. a4 Nd7 12. Be3 Bf6 13. a5 Nb8 14. a6 bxa6 15. Bxa6 Qb6 16. Bc4 Qxb2 17. e5 dxe5 18. Ne4 Be7 19. Ra2 Qb7 20. fxe5 Nbc6 21. Nf6+ Bxf6 22. exf6 Ne5 23. Qh5 Ng6 24. fxg7 Rfd8 25. Bg5 Rdb8 26. Bf6 Qc7 27. Kh1 Rb7 28. h4 Rab8 29. Qg4 Nf5 30. Raa1 Ng3+ 31. Kg1 Nxf1 32. Rxf1 Rb1 33. h5 Rxf1+ 34. Kxf1 Qf4+ 35. Qxf4 Nxf4 36. h6 Rb1+ 37. Kf2 Nd5 38. Be5 a5 39. Bd6 a4 40. Bxc5 Rb2 41. Kf3 Rxc2 42. Bd6 Rc3 43. Ke4 a3 44. Bxa3 Rxa3 45. g4 Ra5 46. g5 Ne7 47. Kf4 Ng6+ 48. Kg4 Ne5+ 49. Kf4 Nxc4 50. dxc4 Ra4 51. Ke5 Rxc4 52. Kf6 Rf4+ 0-1


[Site "https://www.chess.com"]

[Event "Titled Tuesday Blitz May 4 2021"]
[White "Jarovinsky, Alexey"]
[Black "Paiva, Henrique M A Albergaria"]
[WhiteFideId "14115131"]
[BlackFideId "1920995"]
[WhiteElo "2446"]
[BlackElo "2055"]
[Result "1-0"]
[Round "07"]
[TimeControl "180+1"]
[Date "2021.05.04"]
[WhiteClock "0:00:10"]
[BlackClock "0:00:03"]

1. Nc3 Nf6 2. e4 d6 3. d4 Nbd7 4. f4 c5 5. d5 g6 6. Nf3 Bg7 7. a4 O-O 8. Bc4 Nb6 9. Ba2 a5 10. O-O Re8 11. e5 dxe5 12. fxe5 Nh5 13. Ng5 Rf8 14. g4 h6 15. Nge4 f5 16. gxh5 fxe4 17. Nxe4 gxh5 18. Rxf8+ Qxf8 19. Qxh5 c4 20. Be3 Nxd5 21. Bxc4 Be6 22. Rf1 Qc8 23. Qg6 Qxc4 24. Qxe6+ Kh8 25. Bxh6 Qd4+ 26. Rf2 Rg8 27. Ng5 Qxe5 28. Nf7+ Kh7 29. Nxe5 Bxe5+ 30. Rg2 Bd4+ 31. Kh1 Rxg2 32. Kxg2 Nf6 33. Bg5 Kg6 34. Bxf6 Bxf6 1-0


[Site "https://www.chess.com"]

[Event "Titled Tuesday Blitz May 4 2021"]
[White "Jary, Sergey"]
[Black "Kriti Mayur Patel"]
[WhiteFideId "14110350"]
[BlackFideId "35061780"]
[WhiteElo "2260"]
[BlackElo "1212"]
[Result "1-0"]
[Round "07"]
[TimeControl "180+1"]
[Date "2021.05.04"]
[WhiteClock "0:02:01"]
[BlackClock "0:01:35"]

1. Nf3 d5 2. g3 Nf6 3. c4 e6 4. Qc2 Be7 5. Bg2 O-O 6. O-O dxc4 7. Qxc4 a6 8. a4 Bd7 9. a5 Nc6 10. d4 b5 11. Qb3 Nd5 12. Rd1 Bf6 13. e4 Ndb4 14. Nc3 Be8 15. d5 exd5 16. exd5 Bxc3 17. bxc3 Nxd5 18. Qxd5 Qf6 19. Ba3 Qxc3 20. Bxf8 Kxf8 21. Rac1 Qf6 22. Nd4 Nxd4 23. Qxd4 Qxd4 24. Rxd4 Rc8 25. Bb7 Rb8 26. Rxc7 f6 27. f4 Bg6 28. Bxa6 b4 29. Rc8+ Rxc8 30. Bxc8 b3 31. Rb4 b2 32. Rxb2 Ke7 33. a6 Kd6 34. a7 Kd5 35. a8=Q+ Kd4 36. Qa3 Ke4 37. Rb4+ Kd5 38. Qa5+ Kd6 39. Qd8+ Kc5 40. Rb6 Kc4 41. Qd6 Kc3 42. Rb4 Kc2 43. Qd4 Kc1 44. Qb2+ Kd1 45. Bg4+ Ke1 46. Qe2# 1-0


[Site "https://www.chess.com"]

[Event "Titled Tuesday Blitz May 4 2021"]
[White "Josse, Mark"]
[Black "Sergey85Rodchenkov"]
[WhiteFideId "414476"]
[WhiteElo "2284"]
[BlackElo "2540"]
[Result "0-1"]
[Round "07"]
[TimeControl "180+1"]
[Date "2021.05.04"]
[WhiteClock "0:00:04"]
[BlackClock "0:00:49"]

1. c4 Nf6 2. Nc3 d5 3. cxd5 Nxd5 4. e4 Nxc3 5. dxc3 Qxd1+ 6. Kxd1 e5 7. Be3 Bd6 8. Bc4 Be6 9. Bb3 Ke7 10. Kc2 Nd7 11. Ne2 a5 12. Bxe6 Kxe6 13. Rhd1 a4 14. b4 b5 15. c4 bxc4 16. a3 Rhd8 17. Kc3 Nb6 18. Bxb6 cxb6 19. Kxc4 Rac8+ 20. Kb5 Rc2 21. Ng3 g6 22. Kxb6 Rb8+ 23. Ka5 Rc7 24. Kxa4 Rc3 25. Rd5 Bc7 26. Rc5 Rxc5 27. bxc5 Kd7 28. Rd1+ Kc6 29. Rd5 Rb2 30. Nf1 Rxf2 31. Ne3 Re2 32. Rd3 Kxc5 33. Rc3+ Kd6 34. Nc4+ Kd7 35. Kb5 Rxe4 36. a4 Re2 37. a5 Bxa5 38. Kxa5 Ke6 39. Kb5 Rxg2 40. h3 f5 41. Kc5 e4 42. Kd4 h5 43. Ne3 Rd2+ 44. Kc4 h4 45. Ra3 Ke5 46. Ra5+ Kf4 47. Nd5+ Kg5 48. Ra3 Rg2 49. Kd4 Rg3 50. Rxg3+ hxg3 51. Ke3 Kh4 52. Nf4 g5 53. Ne2 f4+ 54. Kxe4 Kxh3 55. Kf3 Kh2 56. Kg4 g2 57. Nd4 g1=Q+ 0-1


[Site "https://www.chess.com"]

[Event "Titled Tuesday Blitz May 4 2021"]
[White "Juhasz, Agoston"]
[Black "Shahinyan, David"]
[WhiteFideId "778346"]
[BlackFideId "13304380"]
[WhiteElo "2211"]
[BlackElo "2372"]
[Result "1-0"]
[Round "07"]
[TimeControl "180+1"]
[Date "2021.05.04"]
[WhiteClock "0:00:05"]
[BlackClock "0:00:02"]

1. e4 d6 2. d4 Nf6 3. Nc3 e5 4. dxe5 dxe5 5. Qxd8+ Kxd8 6. Bc4 Ke8 7. Nf3 Bd6 8. Bg5 Nbd7 9. a4 a6 10. O-O-O b6 11. Nd5 Nxe4 12. Nxc7+ Bxc7 13. Bd5 Nxg5 14. Bxa8 Nxf3 15. gxf3 Ke7 16. b4 Nf6 17. Bc6 Bd6 18. c3 Bf5 19. Rhe1 Rc8 20. b5 a5 21. Kb2 g5 22. Rd2 Bd7 23. Bxd7 Nxd7 24. Red1 Bc5 25. Rxd7+ Ke6 26. Rb7 Bxf2 27. Rdd7 f5 28. Rxh7 e4 29. Rhe7+ Kf6 30. fxe4 f4 31. e5+ Kf5 32. e6 Bc5 33. Rec7 Rxc7 34. Rxc7 Kxe6 35. Kc2 Bg1 36. h3 Kf5 37. Kd3 Kg6 38. Rc8 Kh5 39. Rh8+ Kg6 40. Ke4 Bc5 41. Kf3 Kf5 42. Rh7 Kg6 43. Rc7 Be3 44. Kg4 Kf6 45. Rc6+ Ke5 46. Rc8 Kf6 47. Rf8+ Kg6 48. Rc8 Kf6 49. Rc6+ Ke5 50. Rc7 Kd6 51. Rf7 Kc5 52. Rh7 Kc4 53. Rf7 Kxc3 54. Kxg5 Kb4 55. Kg4 Kxa4 56. h4 Kxb5 57. h5 a4 58. h6 f3 59. h7 f2 60. h8=Q f1=Q 61. Rxf1 Kb4 62. Qe5 Bc5 63. Qe4+ Ka5 64. Rf3 a3 65. Qd5 Ka6 66. Rc3 Kb5 67. Qa2 Ka4 68. Rb3 b5 69. Kf3 Bd6 70. Ke2 Ka5 71. Kd3 Kb6 72. Rb1 b4 73. Qb3 Kb5 74. Rh1 a2 75. Rh5+ Kc6 76. Qxa2 b3 77. Qxb3 Bc7 78. Qd5+ Kb6 79. Qb5+ Ka7 80. Rh7 Ka8 81. Qc6+ Ka7 82. Qxc7+ Ka6 83. Qc4+ Kb6 84. Rh6+ Ka7 85. Qf7+ Kb8 86. Rh8# 1-0


[Site "https://www.chess.com"]

[Event "Titled Tuesday Blitz May 4 2021"]
[White "Kalashian, David"]
[Black "Preotu, Razvan"]
[WhiteFideId "13302418"]
[BlackFideId "2613280"]
[WhiteElo "2490"]
[BlackElo "2407"]
[Result "0-1"]
[Round "07"]
[TimeControl "180+1"]
[Date "2021.05.04"]
[WhiteClock "0:00:06"]
[BlackClock "0:00:34"]

1. e4 c5 2. Nc3 d6 3. Nf3 Nf6 4. e5 dxe5 5. Nxe5 a6 6. a4 Qc7 7. Nc4 Nc6 8. a5 Be6 9. Nb6 Rd8 10. Bc4 Nxa5 11. Bxe6 Qxb6 12. Ba2 e6 13. O-O Be7 14. d3 c4 15. Be3 Qxb2 16. Na4 Qb4 17. Bb6 Rd7 18. c3 Qb5 19. dxc4 Nxc4 20. Qb1 Qxa4 21. Bd4 Qc6 22. Bb3 Nd2 0-1


[Site "https://www.chess.com"]

[Event "Titled Tuesday Blitz May 4 2021"]
[White "Kanyamarala, Trisha"]
[Black "Rakshitta, Ravi"]
[WhiteFideId "45004722"]
[BlackFideId "25073230"]
[WhiteElo "2074"]
[BlackElo "1873"]
[Result "0-1"]
[Round "07"]
[TimeControl "180+1"]
[Date "2021.05.04"]
[WhiteClock "0:00:06"]
[BlackClock "0:00:20"]

1. d4 Nf6 2. c4 Nc6 3. Nf3 e6 4. Nc3 Bb4 5. Qc2 Qe7 6. Bg5 d6 7. a3 Bxc3+ 8. Qxc3 O-O 9. e3 h6 10. Bh4 e5 11. dxe5 dxe5 12. Be2 Bf5 13. Qb3 Rab8 14. O-O Qd7 15. Bxf6 gxf6 16. Rad1 Qe6 17. Nh4 Bh7 18. Qb5 Kh8 19. Qd5 Rbd8 20. Qb5 b6 21. Bf3 Ne7 22. e4 Nc6 23. g3 Nd4 24. Qb4 a5 25. Qc3 Rg8 26. Kh1 Rg5 27. Qe3 Rdg8 28. Ng2 Nc2 29. Qd2 Nd4 30. Qe3 Bg6 31. Rxd4 exd4 32. Qxd4 Qe5 33. Qe3 Bh7 34. Be2 Qxe4 35. Qxe4 Bxe4 36. f4 Bb7 37. Kg1 Rc5 38. Bf3 Bxf3 39. Rxf3 Rxc4 40. Rd3 Rc1+ 41. Kf2 Re8 42. Rd7 Rc2+ 43. Kf3 Ree2 44. Nh4 Kg7 45. Kg4 Rxh2 46. Nf5+ Kh7 47. Rxf7+ Kg8 48. Re7 h5+ 49. Kf3 Rhf2+ 50. Ke4 Rce2+ 51. Kd5 Rxe7 52. Nxe7+ Kf7 53. Nf5 Rxb2 54. Kc6 Rc2+ 55. Kb5 Rc5+ 0-1


[Site "https://www.chess.com"]

[Event "Titled Tuesday Blitz May 4 2021"]
[White "Kapitanchuk, Tomas"]
[Black "Buscar, Michael"]
[WhiteFideId "135046"]
[BlackFideId "2603616"]
[WhiteElo "1955"]
[BlackElo "2010"]
[Result "1-0"]
[Round "07"]
[TimeControl "180+1"]
[Date "2021.05.04"]
[WhiteClock "0:01:53"]
[BlackClock "0:01:25"]

1. e4 c5 2. Nf3 Nc6 3. Bb5 Nf6 4. Nc3 g6 5. e5 Ng4 6. Bxc6 dxc6 7. h3 Nh6 8. d3 Nf5 9. Bf4 Bg7 10. h4 Nd4 11. h5 h6 12. hxg6 fxg6 13. Ne4 Bg4 14. c3 Bxf3 15. gxf3 Ne6 16. Bg3 g5 17. f4 Nxf4 18. Bxf4 gxf4 19. Qh5+ Kd7 20. Qg4+ Kc7 21. Qxg7 Qxd3 22. Qxe7+ Kb6 23. Qxc5+ Ka6 24. Qa3+ Kb6 25. Qb4+ Kc7 26. Rd1 1-0


[Site "https://www.chess.com"]

[Event "Titled Tuesday Blitz May 4 2021"]
[White "Karavaeva, Olga"]
[Black "Navalgund, Niranjan"]
[WhiteFideId "4124111"]
[BlackFideId "5030854"]
[WhiteElo "2105"]
[BlackElo "2290"]
[Result "1-0"]
[Round "07"]
[TimeControl "180+1"]
[Date "2021.05.04"]
[WhiteClock "0:00:13"]
[BlackClock "0:00:10"]

1. c4 e5 2. Nc3 Nc6 3. g3 f5 4. Bg2 Nf6 5. e3 Bc5 6. Nge2 d5 7. Nxd5 Nxd5 8. cxd5 Nb4 9. d4 exd4 10. exd4 Bd6 11. O-O O-O 12. a3 Na6 13. b4 Bd7 14. Bf4 Qf6 15. Rc1 Rae8 16. Re1 Kh8 17. h4 h6 18. Qd2 Bb5 19. Nc3 Bd7 20. b5 Nb8 21. a4 Bc8 22. Rxe8 Rxe8 23. Re1 Bd7 24. Rxe8+ Bxe8 25. Qe3 Bf7 26. Be5 Qg6 27. Bh3 Nd7 28. Qf4 Qf6 29. Bxd6 cxd6 30. Bxf5 Nb6 31. Qe4 Nc4 32. Kg2 g6 33. Be6 Be8 34. Qd3 Na5 35. Ne4 Qe7 36. Qd2 Kg7 37. Qxa5 b6 38. Qc3 g5 39. hxg5 hxg5 40. Qb4 Bg6 41. Nxd6 Be4+ 42. f3 Bxf3+ 43. Kxf3 Qf6+ 44. Nf5+ Kg6 45. Qe7 g4+ 46. Kxg4 a5 47. Nh4+ Qxh4+ 48. gxh4 Kh6 49. Qf6+ 1-0


[Site "https://www.chess.com"]

[Event "Titled Tuesday Blitz May 4 2021"]
[White "Khnykin, Nikolay"]
[Black "Baker, Chris W"]
[WhiteFideId "4188853"]
[BlackFideId "401676"]
[WhiteElo "2280"]
[BlackElo "2221"]
[Result "0-1"]
[Round "07"]
[TimeControl "180+1"]
[Date "2021.05.04"]
[WhiteClock "0:00:01"]
[BlackClock "0:00:37"]

1. e4 e5 2. Nf3 Nc6 3. Bc4 Bc5 4. b4 Bxb4 5. c3 Be7 6. O-O Nf6 7. d4 d6 8. Re1 O-O 9. Nbd2 Bg4 10. Bb2 Bh5 11. Qc2 Qc8 12. a3 Bg6 13. Rad1 d5 14. Ba2 Nxe4 15. Nxe4 Bxe4 16. Rxe4 dxe4 17. Qxe4 exd4 18. Bb1 g6 19. cxd4 Bf6 20. g4 Re8 21. Qf4 Bg7 22. g5 Qd7 23. Ba2 Ne5 24. Nxe5 Bxe5 25. dxe5 Qxd1+ 26. Kg2 Re6 27. Bxe6 fxe6 28. Qf6 Qd5+ 29. Kg1 Rf8 30. Qe7 c5 31. h3 c4 32. a4 Rf7 33. Qe8+ Kg7 34. Kh2 Qd2 35. Qxe6 Rxf2+ 36. Kg3 Qf4# 0-1


[Site "https://www.chess.com"]

[Event "Titled Tuesday Blitz May 4 2021"]
[White "Kilpatrick, Callum"]
[Black "Smith, Shreyas"]
[WhiteFideId "414425"]
[BlackFideId "7400713"]
[WhiteElo "2464"]
[BlackElo "2129"]
[Result "1-0"]
[Round "07"]
[TimeControl "180+1"]
[Date "2021.05.04"]
[WhiteClock "0:01:08"]
[BlackClock "0:00:13"]

1. e4 c6 2. Nf3 d5 3. Nc3 dxe4 4. Nxe4 Nf6 5. Qe2 Nxe4 6. Qxe4 Qd5 7. Qh4 Bf5 8. Bc4 Qe4+ 9. Qxe4 Bxe4 10. Bxf7+ Kxf7 11. Ng5+ Kg6 12. Nxe4 Nd7 13. d4 e6 14. Bf4 Be7 15. O-O-O Rhf8 16. Bg3 Nb6 17. Rhe1 Rad8 18. c3 Nd5 19. Re2 b5 20. Rde1 a5 21. Nc5 Bxc5 22. Rxe6+ Rf6 23. dxc5 Rf8 24. Bd6 Rf7 25. f4 h6 26. g3 Kf5 27. R6e5+ Kg4 28. Kd2 a4 29. Kd3 Kh3 30. R1e2 g6 31. Kd4 Nb6 32. cxb6 Rxd6+ 33. Kc5 Rdf6 34. Re6 Rxe6 35. Rxe6 1-0


[Site "https://www.chess.com"]

[Event "Titled Tuesday Blitz May 4 2021"]
[White "Kiselev, Gennady"]
[Black "Can, Emre"]
[WhiteFideId "4117107"]
[BlackFideId "6302181"]
[WhiteElo "2323"]
[BlackElo "2503"]
[Result "1-0"]
[Round "07"]
[TimeControl "180+1"]
[Date "2021.05.04"]
[WhiteClock "0:00:02"]
[BlackClock "0:00:01"]

1. e4 e6 2. d4 d5 3. e5 b6 4. c3 Qd7 5. Nf3 Ba6 6. Bxa6 Nxa6 7. O-O c5 8. Re1 Ne7 9. Na3 Nc6 10. c4 cxd4 11. Nxd4 Bxa3 12. bxa3 dxc4 13. Nxc6 Qxc6 14. Qg4 O-O-O 15. Bg5 Rd7 16. Rac1 Rc7 17. Re4 c3 18. Be3 Rd8 19. h4 h5 20. Qf4 c2 21. Kh2 Rd1 22. Ra4 Kb7 23. Re4 Qd5 24. a4 Nc5 25. Bxc5 Rxc5 26. Re1 Rxc1 27. Rxc1 Rc7 28. Qe3 Kb8 29. g3 Qxa2 30. Qd4 Qd5 31. Qe3 Qd1 32. a5 b5 33. a6 Rc6 34. Qf4 Qd7 35. Qe3 Kc8 36. Qb3 1-0


[Site "https://www.chess.com"]

[Event "Titled Tuesday Blitz May 4 2021"]
[White "Kiseljova, Marya"]
[Black "Krzywda, Andrzej"]
[WhiteFideId "4155009"]
[BlackFideId "1114565"]
[WhiteElo "1797"]
[BlackElo "2100"]
[Result "0-1"]
[Round "07"]
[TimeControl "180+1"]
[Date "2021.05.04"]
[WhiteClock "0:00:08"]
[BlackClock "0:00:08"]

1. d4 Nf6 2. Bf4 d5 3. e3 c5 4. c3 Nc6 5. Nd2 Bf5 6. Ngf3 e6 7. Bb5 Qb6 8. Qa4 Nd7 9. Nh4 Bg6 10. Nxg6 hxg6 11. O-O Be7 12. dxc5 Nxc5 13. Bxc6+ bxc6 14. Qc2 a5 15. b3 Rd8 16. Rfb1 Qa6 17. b4 axb4 18. cxb4 Nd7 19. a3 O-O 20. Rc1 Rc8 21. Qb2 Bf6 22. Qb3 Bxa1 23. Rxa1 Qe2 24. Nf3 c5 25. Bd6 c4 26. Qc3 Rfe8 27. h3 f6 28. a4 Kf7 29. a5 Rc6 30. Bg3 e5 31. a6 Ra8 32. b5 Rb6 33. Rb1 Raxa6 34. Qb4 Ra7 35. Qc5 Rab7 36. Qb4 Qd3 37. Ne1 Qf5 38. Qa4 Qxb1 39. Qa5 Qxb5 40. Qxb5 Rxb5 41. Nc2 Rb1+ 42. Kh2 R7b2 43. Na3 Ra1 44. Nxc4 dxc4 45. f3 Nc5 46. e4 Raa2 47. f4 Rxg2+ 48. Kh1 Rxg3 49. fxe5 fxe5 50. h4 Rb3 51. h5 Rb1# 0-1


[Site "https://www.chess.com"]

[Event "Titled Tuesday Blitz May 4 2021"]
[White "Komiagina, Maria"]
[Black "Cuevas, Alex"]
[WhiteFideId "4153987"]
[BlackFideId "114260"]
[WhiteElo "2014"]
[BlackElo "2289"]
[Result "0-1"]
[Round "07"]
[TimeControl "180+1"]
[Date "2021.05.04"]
[WhiteClock "0:00:04"]
[BlackClock "0:00:49"]

1. e4 c6 2. d4 d5 3. e5 c5 4. dxc5 e6 5. Bb5+ Nd7 6. Nf3 Bxc5 7. O-O Ne7 8. c3 Ng6 9. Qe2 Qc7 10. h4 O-O 11. Bxd7 Bxd7 12. h5 Ne7 13. h6 g6 14. Bg5 Nc6 15. Nbd2 Be7 16. Bxe7 Nxe7 17. Nd4 a6 18. Rae1 Nf5 19. Nxf5 gxf5 20. Qf3 Kh8 21. Nb3 Rg8 22. Nd4 Rg6 23. Qe3 Rag8 24. g3 Rg4 25. Qf3 Qd8 26. Ne2 Bb5 27. Kg2 Qg5 28. Nf4 Bxf1+ 29. Kxf1 Qxh6 30. Ke2 Qg7 31. Qe3 Rxf4 32. Qxf4 Qg4+ 33. Ke3 Qxf4+ 34. gxf4 Rg4 35. Rh1 Kg7 36. b3 b5 37. a4 bxa4 38. bxa4 Kg6 39. a5 h5 40. Rh3 h4 41. Rh2 Kh5 42. Kf3 Rg8 43. Rh1 Rc8 44. Rb1 Rxc3+ 45. Kg2 Kg4 46. Rb6 h3+ 47. Kh2 Rc2 48. Kg1 Kf3 49. Rb3+ Kxf4 50. Rxh3 Kxe5 51. Rh7 Rc5 52. Rxf7 Rxa5 53. Ra7 Ra2 54. Kg2 Kf4 55. Re7 e5 56. Rd7 d4 57. Rh7 e4 58. Rh4+ Ke5 0-1


[Site "https://www.chess.com"]

[Event "Titled Tuesday Blitz May 4 2021"]
[White "Kovacs, Klara"]
[Black "Haessel, Dale R."]
[WhiteFideId "733210"]
[BlackFideId "2012618"]
[WhiteElo "2120"]
[BlackElo "2167"]
[Result "1-0"]
[Round "07"]
[TimeControl "180+1"]
[Date "2021.05.04"]
[WhiteClock "0:01:36"]
[BlackClock "0:00:53"]

1. Nf3 Nf6 2. g3 g6 3. Bg2 d5 4. O-O Bg7 5. c4 c6 6. d4 O-O 7. Nc3 dxc4 8. a4 Nd5 9. Bg5 h6 10. Bd2 Nd7 11. Rc1 Nxc3 12. bxc3 b5 13. Rb1 a6 14. Qc1 Bb7 15. Bxh6 Qa5 16. Bxg7 Kxg7 17. Qe3 Rfe8 18. Ne5 Nxe5 19. Qxe5+ Kg8 20. axb5 axb5 21. h4 Qxc3 22. h5 Qc2 23. Be4 Qxe2 24. h6 f6 25. Bd5+ 1-0


[Site "https://www.chess.com"]

[Event "Titled Tuesday Blitz May 4 2021"]
[White "Kubatko, Ivan"]
[Black "Arkell, Keith C"]
[WhiteFideId "24111473"]
[BlackFideId "400270"]
[WhiteElo "2285"]
[BlackElo "2398"]
[Result "1-0"]
[Round "07"]
[TimeControl "180+1"]
[Date "2021.05.04"]
[WhiteClock "0:00:13"]
[BlackClock "0:00:57"]

1. e4 c6 2. d4 d5 3. exd5 cxd5 4. c4 Nf6 5. Nc3 g6 6. cxd5 Nxd5 7. Qb3 Nb6 8. d5 Bg7 9. Be3 O-O 10. Rd1 Bg4 11. Be2 Bxe2 12. Ngxe2 N8d7 13. a4 Rb8 14. O-O Nc8 15. d6 Nxd6 16. Nb5 Nxb5 17. Qxb5 a6 18. Qxd7 Qxd7 19. Rxd7 Bf6 20. b3 b5 21. a5 b4 22. Ra7 Ra8 23. Rc1 Rxa7 24. Bxa7 Rd8 25. Kf1 Rd3 26. Rb1 e5 27. Bc5 Bd8 28. Bxb4 Rd5 29. Ra1 f5 30. Ke1 f4 31. f3 Rb5 32. Bc3 Rxb3 33. Bxe5 g5 34. Bc3 Kf7 35. Kd2 Rb5 36. h3 Rd5+ 37. Nd4 Kg6 38. Kd3 h5 39. Kc4 Re5 40. Re1 Rxe1 41. Bxe1 g4 42. hxg4 hxg4 43. Bd2 gxf3 44. gxf3 Kh5 45. Ne6 Bf6 46. Nxf4+ Kh4 47. Nd5 Bd8 48. Be1+ Kg5 49. Kc5 Kf5 50. Kc6 Ke5 51. Bc3+ Kf5 52. Kb7 Ke6 53. Ne3 Kf7 54. Kxa6 Kg6 55. Kb5 Kg5 56. Ng2 Bc7 57. a6 Bb8 58. Bd4 Kf5 59. a7 Bxa7 60. Bxa7 Ke5 61. Be3 Kf5 62. Kc4 Ke5 63. Kd3 Kf5 64. Ke2 Ke5 65. Kf2 Kf5 66. Kg3 Ke6 67. Nh4 Kf6 68. Kg4 Ke5 69. Kg5 Ke6 70. f4 Kf7 71. Bd4 Kg8 72. f5 Kh7 73. f6 Kg8 74. Kg6 Kh8 75. f7# 1-0


[Site "https://www.chess.com"]

[Event "Titled Tuesday Blitz May 4 2021"]
[White "Kujawski, Adam"]
[Black "Lejean-Anusca, Madalina-Maria"]
[WhiteFideId "1100920"]
[BlackFideId "1215396"]
[WhiteElo "2053"]
[BlackElo "2002"]
[Result "1-0"]
[Round "07"]
[TimeControl "180+1"]
[Date "2021.05.04"]
[WhiteClock "0:00:44"]
[BlackClock "0:01:38"]

1. e4 c5 2. Nf3 Nc6 3. d4 cxd4 4. Nxd4 Nf6 5. Nc3 e5 6. Ndb5 d6 7. Bg5 a6 8. Na3 b5 9. Bxf6 Qxf6 10. Nd5 Qd8 11. c4 b4 12. Qa4 bxa3 13. Qxc6+ Bd7 14. Qxa8 Qxa8 15. Nc7+ Kd8 16. Nxa8 axb2 17. Rb1 Bc6 18. Nb6 Bxe4 19. Rxb2 f5 20. Nd5 Kd7 21. f3 Bxd5 22. cxd5 Be7 23. Bxa6 Ra8 24. Bb5+ Kd8 25. a4 Bf6 26. Ke2 e4 27. Rc2 exf3+ 28. Kxf3 g6 29. Re1 Be5 30. Rxe5 dxe5 31. d6 Rb8 32. Rc7 Rb6 33. Rc6 Rb8 34. h3 g5 35. g4 fxg4+ 36. hxg4 Kd7 37. Ra6+ Kd8 38. Ra7 Rc8 39. Rd7+ Ke8 40. Rxh7+ Kf8 41. Rh8+ Kf7 42. Rxc8 Ke6 43. d7 Kd5 44. d8=Q+ Ke6 45. Rc6+ Kf7 46. Rf6+ Kg7 47. Qf8+ Kh7 48. Rh6# 1-0


[Site "https://www.chess.com"]

[Event "Titled Tuesday Blitz May 4 2021"]
[White "Lagunow, Raphael"]
[Black "Gaboyan, Susanna"]
[WhiteFideId "24652644"]
[BlackFideId "13303627"]
[WhiteElo "2400"]
[BlackElo "2135"]
[Result "1/2-1/2"]
[Round "07"]
[TimeControl "180+1"]
[Date "2021.05.04"]
[WhiteClock "0:00:58"]
[BlackClock "0:01:43"]

1. e4 c5 2. Nf3 Nc6 3. d4 cxd4 4. Nxd4 Nf6 5. Nc3 e5 6. Ndb5 d6 7. Bg5 a6 8. Na3 b5 9. Nd5 Be7 10. Bxf6 Bxf6 11. c3 Bg5 12. Nc2 Ne7 13. a4 bxa4 14. h4 Bh6 15. Nxe7 Qxe7 16. Nb4 Bb7 17. Nd5 Bxd5 18. Qxd5 Rb8 19. Bxa6 O-O 20. Bb5 Qf6 21. g3 Rfc8 22. c4 Qf3 23. O-O Be3 24. fxe3 Qxg3+ 25. Kh1 Qh3+ 26. Kg1 Qg3+ 27. Kh1 Qh3+ 28. Kg1 Qg3+ 1/2-1/2


[Site "https://www.chess.com"]

[Event "Titled Tuesday Blitz May 4 2021"]
[White "Lamaze, Simon"]
[Black "Omk124"]
[WhiteFideId "36069264"]
[WhiteElo "1938"]
[BlackElo "2599"]
[Result "0-1"]
[Round "07"]
[TimeControl "180+1"]
[Date "2021.05.04"]
[WhiteClock "0:01:01"]
[BlackClock "0:01:44"]

1. d4 Nf6 2. c4 g6 3. d5 Bg7 4. Nc3 e5 5. e4 d6 6. Nf3 a5 7. Be2 Na6 8. Be3 Ng4 9. Bd2 O-O 10. h3 Nf6 11. Be3 Nh5 12. Qd2 f5 13. Bg5 Qe8 14. Bh6 Nf4 15. Bxg7 Kxg7 16. O-O-O Nc5 17. g3 Nxe2+ 18. Qxe2 fxe4 19. Nxe4 Nxe4 20. Qxe4 Qf7 21. Nd2 Qxf2 22. Rhf1 Qxg3 23. Rxf8 Kxf8 24. Rf1+ Kg7 25. c5 Bxh3 26. Rf3 Qg1+ 27. Kc2 Qxc5+ 28. Rc3 Bf5 29. Rxc5 dxc5 0-1


[Site "https://www.chess.com"]

[Event "Titled Tuesday Blitz May 4 2021"]
[White "Landaw, Julian"]
[Black "Suvorov, Alexander"]
[WhiteFideId "2023342"]
[BlackFideId "12977063"]
[WhiteElo "2312"]
[BlackElo "2221"]
[Result "0-1"]
[Round "07"]
[TimeControl "180+1"]
[Date "2021.05.04"]
[WhiteClock "0:00:59"]
[BlackClock "0:01:46"]

1. e4 c5 2. Nc3 e6 3. g3 d5 4. exd5 exd5 5. Bg2 d4 6. Nd5 Nc6 7. d3 Be6 8. Qe2 Qd7 9. Nf4 O-O-O 10. Nxe6 fxe6 11. Nf3 h6 12. O-O Bd6 13. Bh3 Re8 14. Re1 Nd8 15. Ne5 Bxe5 16. Qxe5 Qc7 17. b4 Qxe5 18. Rxe5 cxb4 19. Bb2 Nc6 20. Rxe6 Rxe6 21. Bxe6+ Kc7 22. Bd5 Nge7 23. Re1 Nxd5 0-1


[Site "https://www.chess.com"]

[Event "Titled Tuesday Blitz May 4 2021"]
[White "Langner, Ladislav"]
[Black "Mchedlishvili, Mikheil"]
[WhiteFideId "300403"]
[BlackFideId "13600966"]
[WhiteElo "2346"]
[BlackElo "2618"]
[Result "0-1"]
[Round "07"]
[TimeControl "180+1"]
[Date "2021.05.04"]
[WhiteClock "0:00:03"]
[BlackClock "0:00:13"]

1. e4 c6 2. d4 d5 3. e5 Bf5 4. Nd2 e6 5. Nb3 Nd7 6. Nf3 h6 7. Be3 Ne7 8. Be2 Bh7 9. O-O Nf5 10. Rc1 Be7 11. c4 dxc4 12. Bxc4 O-O 13. Bd3 Nb6 14. Bxf5 Bxf5 15. Nfd2 Nd5 16. Qf3 Qd7 17. Ne4 Rfd8 18. Rfd1 Rac8 19. h3 b6 20. Rd2 Nb4 21. a3 Qd5 22. axb4 Bxe4 23. Qg4 h5 24. Qf4 g5 25. Qg3 Qxb3 26. Rc3 Qxb4 27. Bxg5 Bxg5 28. Qxg5+ Bg6 29. Rf3 Qf8 30. Rf6 Qg7 31. f4 c5 32. f5 Bxf5 33. Qxh5 Rxd4 34. Rf2 Bg6 35. Qg5 Rcd8 36. Kh2 R4d5 37. h4 Bf5 38. Qf4 Rd4 39. Qe3 Rxh4+ 40. Kg1 Rd1+ 41. Rf1 Rh1+ 42. Kxh1 Rxf1+ 43. Kh2 Qg4 44. Qh6 Rf2 45. Rxf7 Qxg2# 0-1


[Site "https://www.chess.com"]

[Event "Titled Tuesday Blitz May 4 2021"]
[White "Lauridsen, Jesper Morch"]
[Black "Sokolovsky, Yahli"]
[WhiteFideId "1401890"]
[BlackFideId "2820242"]
[WhiteElo "2294"]
[BlackElo "1770"]
[Result "1-0"]
[Round "07"]
[TimeControl "180+1"]
[Date "2021.05.04"]
[WhiteClock "0:00:04"]
[BlackClock "0:00:01"]

1. e4 g6 2. d4 Bg7 3. Nc3 d6 4. f4 Nf6 5. Nf3 Nc6 6. e5 dxe5 7. fxe5 Nh5 8. Bb5 O-O 9. Bxc6 bxc6 10. O-O f5 11. Bg5 Be6 12. Qd2 Bd5 13. Nxd5 cxd5 14. Bh6 Qd7 15. Bxg7 Nxg7 16. Qh6 Ne6 17. Ng5 Nxg5 18. Qxg5 e6 19. h4 Qd8 20. Qxd8 Rfxd8 21. b4 a5 22. a3 Kf7 23. Rab1 Ke7 24. Rf3 axb4 25. axb4 Rdb8 26. Rc3 Kd7 27. b5 Ra5 28. Rc5 Rb6 29. Rb3 Kc8 30. Kf2 Kb8 31. Ke3 Ra1 32. Kf4 h6 33. Rg3 Rf1+ 34. Ke3 f4+ 35. Ke2 fxg3 36. Kxf1 Kc8 37. Ke2 Kd7 38. Kf3 Rb8 39. Kxg3 Ra8 40. Rc3 Ra4 41. Rd3 Rb4 42. Kf4 Rxb5 43. Rg3 Rb4 44. c3 Rc4 45. Rxg6 Rxc3 46. Rxh6 Rd3 47. Rh7+ Kc8 48. Kg5 Rxd4 49. Kf6 c5 50. Kxe6 c4 51. Kd6 c3 52. Rc7+ Kd8 53. e6 Rc4 54. Ra7 Rc6+ 55. Kxc6 c2 56. Kd6 c1=Q 57. Ra8+ 1-0


[Site "https://www.chess.com"]

[Event "Titled Tuesday Blitz May 4 2021"]
[White "Lazavik, Denis"]
[Black "Perez Gormaz, Matias"]
[WhiteFideId "13515110"]
[BlackFideId "3406342"]
[WhiteElo "2436"]
[BlackElo "2414"]
[Result "1-0"]
[Round "07"]
[TimeControl "180+1"]
[Date "2021.05.04"]
[WhiteClock "0:00:13"]
[BlackClock "0:00:02"]

1. d4 d5 2. c4 e6 3. Nf3 Nf6 4. Nc3 Bb4 5. cxd5 exd5 6. Bg5 h6 7. Bh4 c5 8. dxc5 Nc6 9. e3 g5 10. Bg3 Ne4 11. Rc1 Qa5 12. Qc2 Qxa2 13. Bb5 Nxc3 14. bxc3 Qxc2 15. Rxc2 Bxc5 16. Ke2 O-O 17. Rd1 Be6 18. Rb2 Rfc8 19. Ra1 Bf8 20. Bxc6 bxc6 21. Nd4 Bg7 22. Rba2 c5 23. Nxe6 fxe6 24. Kd3 c4+ 25. Kc2 Rc6 26. Rxa7 Rxa7 27. Rxa7 Rb6 28. Ra3 Kf7 29. f3 Bf6 30. Bf2 Rb7 31. e4 Kg6 32. exd5 exd5 33. Ra6 Kf7 34. Rd6 Rb3 35. Be1 Rb5 36. Ra6 Rb3 37. Bd2 Rb5 38. Ra7+ Kg6 39. Rd7 Kf5 40. g4+ Kg6 41. Ra7 Rb7 42. Rxb7 1-0


[Site "https://www.chess.com"]